 Dungeon Crawl Stone Soup version 0.22-a0-282-gdd34a7d (webtiles) character file.

170 tilp the Cutter (level 5, -13/41 HPs)
             Began as a Draconian Skald on Mar 17, 2018.
             Mangled by an ice beast (14 damage)
             ... on level 3 of the Dungeon.
             The game lasted 00:07:24 (3209 turns).

tilp the Cutter (Draconian Skald)                   Turns: 3209, Time: 00:07:25

Health: -13/41     AC:  7    Str: 14    XL:     5   Next: 26%
Magic:  0/8        EV: 12    Int: 14    God:
Gold:   167        SH:  0    Dex: 10    Spells: 5/8 levels left

rFire    . . .     SeeInvis .   a - +0 short sword
rCold    . . .     Gourm    .   (no shield)
rNeg     . . .     Faith    .   (armour unavailable)
rPois    .         Spirit   .   o - +2 hat
rElec    .         Reflect  .   (no cloak)
rCorr    .         Harm     .   (no gloves)
MR       .....                  (no boots)
Stlth    +.........             (no amulet)
HPRegen  0.13/turn              (no ring)
MPRegen  0.11/turn              (no ring)

@: slowed, very slow
A: unfitting armour, cold-blooded, AC +5
a: no special abilities


You were on level 3 of the Dungeon.
You were not hungry.

You visited 1 branch of the dungeon, and saw 3 of its levels.

You collected 167 gold pieces.

Inventory:

Hand Weapons
 a - a +0 short sword (weapon)
 b - a +0 blowgun
Missiles
 n - 36 sling bullets
 r - 2 silver javelins (quivered)
 s - 61 stones
 t - 10 poisoned needles
Armour
 o - a +2 hat (worn)
Jewellery
 j - an uncursed ring of magical power {unknown}
Scrolls
 d - a scroll of fear {unknown}
 e - a scroll of enchant armour {unknown}
 h - a scroll of identify {unknown}
 i - 3 scrolls of remove curse {unknown}
 k - 3 scrolls of teleportation {unknown}
 m - a scroll of blinking {unknown}
Potions
 c - a potion of degeneration {unknown}
 f - a potion of berserk rage {unknown}
 g - 2 potions of lignification {unknown}
 l - a potion of curing {unknown}
 q - a potion of flight {unknown}
Comestibles
 p - 3 chunks of flesh


   Skills:
 - Level 2.1 Fighting
 + Level 5.5 Short Blades
 - Level 2.1 Dodging
 - Level 2.0 Spellcasting
 - Level 2.6 Charms


You had 5 spell levels left.
You knew the following spells:

 Your Spells              Type           Power        Failure   Level  Hunger
a - Infusion              Chrm           #...         8%          1    ##.....
b - Shroud of Golubria    Chrm/Tloc      #.........   21%         2    ###....


Dungeon Overview and Level Annotations

Branches:
Dungeon (3/15)

Altars:
Qazlal

Annotations:
D:2 Sigmund


Innate Abilities, Weirdness & Mutations

Your plain brown scales are hard. (AC +5)
You cannot fit into any form of body armour.
You are cold-blooded and may be slowed by cold attacks.


Message History

The ice beast barely misses you.
You hit the ice beast but do no damage.
Your tail-slap misses the ice beast.
The ice beast is almost dead.
The ice beast hits you but does no damage.
You hit the ice beast but do no damage.
The ice beast is almost dead.
The ice beast barely misses you.
You barely miss the ice beast.
The ice beast is severely wounded.
You are no longer magically infusing your attacks.
The ice beast closely misses you.
Throwing (i - inventory. (/) - cycle)
r - 3 silver javelins (quivered)
Press: ? - help, Shift-Dir - straight line, f/p - ice beast
Aim: an ice beast (severely wounded)
You throw a silver javelin. The silver javelin hits the ice beast.
The ice beast is almost dead.
The ice beast hits you.
* * * LOW HITPOINT WARNING * * *
The ice beast freezes you!
You feel yourself slow down.
You die...

...#.##.##..#.....#####
..............#........
..#.###..........######
....# ####.#...### .##.#
#.##### ....#
#.############ ###.#
#.........)..####
#.######.########...<$..
#......#.#....@Y(.((#
#.####.#.#.#####.####
###.# #.#.# #.# ....#
#...# #.. .#.## #.#.#
#.## .#.# #.#.# #[# .#.#
#.#.. ..# .#.# ......
### ...# ..#####


You could see an ice beast.

Vanquished Creatures
  A jelly (D:2)
  4 adders (D:2)
  A shadow imp (D:2)
  6 oozes (D:2)
  A worm (D:2)
  2 dart slugs (D:1)
  A leopard gecko (D:2)
  An orc (D:3)
  A giant cockroach (D:2)
  7 goblins
  4 hobgoblins
  6 jackals
  15 kobolds
  7 bats
  7 frilled lizards
  4 rats
68 creatures vanquished.

Vanquished Creatures (others)
  2 fungi (D:2)
  6 toadstools (D:2)
8 creatures vanquished.

Grand Total: 76 creatures vanquished

Notes
Turn   | Place    | Note
-------+----------+-------------------------------------------
     0 | D:1      | tilp the Draconian Skald began the quest for the Orb.
     0 | D:1      | Reached XP level 1. HP: 17/17 MP: 3/3
   158 | D:1      | Reached XP level 2. HP: 21/24 MP: 0/5
   455 | D:1      | Reached skill level 3 in Short Blades
   763 | D:1      | Learned a level 2 spell: Shroud of Golubria
  1131 | D:2      | Reached XP level 3. HP: 29/29 MP: 2/6
  1379 | D:2      | Noticed Sigmund
  1455 | D:2      | Reached skill level 4 in Short Blades
  1614 | D:2      | Reached XP level 4. HP: 36/36 MP: 7/7
  2219 | D:2      | Found a stormy altar of Qazlal.
  2221 | D:2      | Noticed an earth elemental
  2222 | D:2      | Noticed an air elemental
  2222 | D:2      | Noticed a fire elemental
  2222 | D:2      | Noticed a water elemental
  2422 | D:2      | Reached skill level 5 in Short Blades
  2442 | D:2      | Reached XP level 5. HP: 19/41 MP: 0/8
  3177 | D:3      | Noticed an ice beast
  3209 | D:3      | HP: 1/41 [ice beast (3)]
  3209 | D:3      | Mangled by an ice beast

Vault maps used:
D:1:      dpeg_arrival_rooms_b
D:2:      cheibrodos_fertilizer, nicolae_qazlal_style_of_elements, uniq_sigmund
D:3:      okawaru_ov_weapons_minmay

Skill      XL: |  1  2  3  4 |
---------------+-------------+-----
Short Blades   | 3 4 5 |  5.5
Fighting       | |  2.1
Dodging        | |  2.1
Spellcasting   | |  2.0
Charms         | |  2.6

Action                   |  1- 3 |  4- 6 || total
-------------------------+-------+-------++-------
Melee: Short sword       |   128 |   162 ||   290
       Tailslap          |     5 |    14 ||    19
 Fire: Blowgun           |       |     2 ||     2
Throw: Stone             |     5 |       ||     5
       Javelin           |       |     1 ||     1
 Cast: Infusion          |    14 |    16 ||    30
       Shroud of Golubri |     2 |    16 ||    18
 Stab: Sleeping          |     1 |     2 ||     3
  Eat: Chunk             |     3 |     3 ||     6
       Ration            |       |     1 ||     1
Armor: Skin              |    45 |    50 ||    95
Dodge: Dodged            |    85 |    75 ||   160

Table legend:
 A = Spawn XP
 B = Non-spawn XP
 C = Spawn XP percentage of total XP
 D = Spawn monster count
 E = Non-spawn monster count
 F = Spawn count percentage of total count
 G = Total turns spent on level
                    A         B        C        D         E        F      G
               +---------+---------+-------+---------+---------+-------+---------
         Total |       0 |     244 |   0.0 |       0 |      68 |   0.0 |  3209
               +---------+---------+-------+---------+---------+-------+---------
           D:1 |       0 |      39 |   0.0 |       0 |      22 |   0.0 |  1165
           D:2 |       0 |     189 |   0.0 |       0 |      36 |   0.0 |  1673
           D:3 |       0 |      16 |   0.0 |       0 |      10 |   0.0 |   371
               +---------+---------+-------+---------+---------+-------+---------
